 Dungeon Crawl Stone Soup version 0.21-a0-179-gd2bfb5f (webtiles) character file.

218 FrankyJ the Magician (level 5, -10/28 HPs)
             Began as a Deep Elf Fire Elementalist on Aug 10, 2017.
             Killed by miscasting Sticky Flame (24 damage)
             ... on level 3 of the Dungeon.
             The game lasted 00:09:35 (3248 turns).

FrankyJ the Magician (Deep Elf Fire Elementalist)   Turns: 3248, Time: 00:09:36

Health: -10/28     AC:  2    Str:  8    XL:     5   Next: 63%
Magic:  5/14       EV: 14    Int: 20    God:
Gold:   115        SH:  0    Dex: 15    Spells: 1/14 levels left

rFire    . . .     SeeInvis .   h - +0 trident
rCold    . . .     Gourm    .   (no shield)
rNeg     . . .     Faith    .   a - +0 robe
rPois    .         Spirit   .   (no helmet)
rElec    .         Reflect  .   (no cloak)
rCorr    .         Harm     .   (no gloves)
MR       .....                  (no boots)
Stlth    ++........             (no amulet)
HPRegen  0.09/turn              i - +2 ring of strength
MPRegen  0.14/turn              (no ring)

@: very slightly contaminated
A: no striking features
a: no special abilities


You were on level 3 of the Dungeon.
You were not hungry.

You visited 1 branch of the dungeon, and saw 3 of its levels.

You collected 115 gold pieces.

Inventory:

Hand Weapons
 g - a +0 short sword
 h - a +0 trident (weapon)
Armour
 a - a +0 robe (worn)
 j - a +0 leather armour
Jewellery
 i - a +2 ring of strength (left hand)
Scrolls
 f - 3 scrolls of identify {unknown}
 m - a scroll of teleportation {unknown}
 n - a scroll of enchant armour {unknown}
Potions
 e - a potion of haste {unknown}
 l - a potion of flight {unknown}
 o - a potion of degeneration {unknown}
Books
 b - a book of Flames

   Spells                             Type                      Level
   a - Flame Tongue                   Conjuration/Fire             1
   b - Throw Flame                    Conjuration/Fire             2
   c - Conjure Flame                  Conjuration/Fire             3
   d - Inner Flame                    Hexes/Fire                   3
   e - Sticky Flame                   Conjuration/Fire             4
   f - Fireball                       Conjuration/Fire             5
Comestibles
 c - 4 bread rations
 d - 5 fruits
 k - 2 chunks of flesh
 p - a royal jelly


   Skills:
 - Level 4.0 Dodging
 + Level 3.4 Stealth
 - Level 5.1 Spellcasting
 - Level 2.0 Conjurations
 - Level 4.3 Fire Magic


You had one spell level left.
You knew the following spells:

 Your Spells              Type           Power        Failure   Level  Hunger
a - Flame Tongue          Conj/Fire      ###..        3%          1    None
b - Sticky Flame          Conj/Fire      ###.....     30%         4    ####...
c - Fireball              Conj/Fire      ###.......   63%         5    #####..
d - Conjure Flame         Conj/Fire      ###.....     9%          3    ##.....


Dungeon Overview and Level Annotations

Branches:
Dungeon (3/15)

Altars:
Ashenzari
Fedhas

Annotations:
D:3 triglyceri's ghost, amateur DsWn


Message History

Aim: an orc, wielding a dagger The sticky flame hits the orc.
The orc is severely wounded.
The orc is covered in liquid flames!
The orc burns!
You kill the orc!
An orc comes into view.
Things that are here:
a dagger; an orc corpse An orc comes into view.
It is wielding a hand axe.
The orc priest barely misses you. The worm bites you.
Casting: Sticky Flame
Confirm with . or Enter, or press ? or * to list all spells.
Aiming: Sticky Flame
Press: ? - help, Shift-Dir - straight line, f - orc priest
Aim: an orc priest, wielding a hand axe and wearing a leather armour You miscast Sticky Flame.
You are very lightly contaminated with residual magic.
Energy rips through your body!
Ouch! That really hurt!
You die...

............ #.#.
........... #.
.........o #.
#......... ##
#......... ##.........
...#.. ##.....o.....
..#... ##..
##...o...o... .......
....... ##...@w#######
#.#...#
.........##...)##......
#.#...#
........##.....# ......
+.....#
........#......# ......
#.....#
........#......# ......
#.....'
...............# .....
#.....#
.............##########
###..##
.≈≈..≈≈......###≈#≈≈#.#
..#..##
≈.≈.....######≈≈≈##≈#≈#
#.#..##


You could see a worm, an orc priest and 2 orcs.

Vanquished Creatures
  A scorpion (D:2)
  6 adders
  2 river rats (D:3)
  An ooze (D:2)
  4 worms
  A dart slug (D:1)
  3 leopard geckos
  4 orcs
  10 bats
  3 giant cockroaches
  5 goblins
  12 hobgoblins
  2 jackals
  7 frilled lizards
  3 kobolds
  11 rats
75 creatures vanquished.

Notes
Turn   | Place    | Note
-------+----------+-------------------------------------------
     0 | D:1      | FrankyJ the Deep Elf Fire Elementalist began the quest for the Orb.
     0 | D:1      | Reached XP level 1. HP: 10/10 MP: 6/6
   179 | D:1      | Reached skill level 4 in Spellcasting
   179 | D:1      | Reached XP level 2. HP: 15/15 MP: 7/9
   572 | D:1      | Reached XP level 3. HP: 19/19 MP: 8/11
   735 | D:2      | Reached skill level 5 in Spellcasting
  1786 | D:2      | Noticed a scorpion
  1806 | D:2      | Reached XP level 4. HP: 20/24 MP: 8/13
  1853 | D:2      | Found a shattered altar of Ashenzari.
  1853 | D:2      | Found a blossoming altar of Fedhas.
  2113 | D:3      | Noticed triglyceri's ghost (amateur DsWn)
  2361 | D:3      | Reached XP level 5. HP: 28/28 MP: 12/14
  2902 | D:2      | Learned a level 4 spell: Sticky Flame
  2908 | D:2      | Learned a level 5 spell: Fireball
  2912 | D:2      | Learned a level 3 spell: Conjure Flame
  3209 | D:3      | Found a faded altar of an unknown god.
  3248 | D:3      | Killed by miscasting Sticky Flame

Vault maps used:
D:1:      evilmike_arrival_run_for_it, serial_bayou_pond_d
D:2:      wad_lake_hut, gammafunk_temple_overflow_elements
D:3:      old_standard_altar, chequers_ecumenical_altar_island,
          lightli_sewer_entry_pipes, kennysheep_another_room, st_stairs_3,
          grunt_decor_arrowhead, minmay_fountain_box, nrook_mini_backslash

Skill      XL: |  1  2  3  4  5 |
---------------+----------------+-----
Spellcasting   | 4 5 |  5.1
Conjurations   | 2 |  2.0
Dodging        | 3 4 |  4.0
Fire Magic     | 4 |  4.3
Stealth        | 3 |  3.4

Action                   |  1- 3 |  4- 6 || total
-------------------------+-------+-------++-------
Melee: Unarmed           |     5 |       ||     5
       Trident           |     2 |     8 ||    10
 Cast: Flame Tongue      |    80 |    44 ||   124
       Sticky Flame      |       |     4 ||     4
 Stab: Sleeping          |       |     1 ||     1
  Eat: Chunk             |     2 |     6 ||     8
Armor: Robe              |     5 |    11 ||    16
Dodge: Dodged            |    15 |    41 ||    56
